 Dungeon Crawl Stone Soup version 0.28.0-45-g0d030f2227 (webtiles) character file.

Game seed: 4038867915419735510

81 protoss039 the Magician (level 4, 0/24 HPs)
             Began as a Deep Elf Air Elementalist on Apr 1, 2022.
             Slain by Grinder (8 damage)
             ... while paralysed by Grinder
             ... on level 3 of the Dungeon.
             The game lasted 00:03:38 (3302 turns).

protoss039 the Magician (Deep Elf Air Elementalist) Turns: 3302, Time: 00:03:39

Health: 0/24       AC:  3    Str:  5    XL:     4   Next: 20%
Magic:  2/12       EV:  2    Int: 22    God:
Gold:   77         SH:  0    Dex: 15    Spells: 1/11 levels left

rFire   . . .      SeeInvis .   d - +0 dagger
rCold   . . .      Faith    .   (no shield)
rNeg    . . .      Spirit   .   a - +0 robe
rPois   .          Reflect  .   j - +0 helmet
rElec   .          Harm     .   (no cloak)
rCorr   .          Rampage  .   (no gloves)
Will    .....      Rage     1%  (no boots)
Stlth   ++........              (no amulet)
HPRegen 0.08/turn               g - ring of flight
MPRegen 0.13/turn               (no ring)

@: paralysed, flying
A: berserk 1, sense surroundings 1
a: no special abilities


You were on level 3 of the Dungeon.
You visited 1 branch of the dungeon, and saw 3 of its levels.

You collected 77 gold pieces.

Inventory:

Hand Weapons
 d - a +0 dagger (weapon)
Armour
 a - a +0 robe (worn)
 j - a +0 helmet (worn)
Jewellery
 g - a ring of flight (left hand)
Scrolls
 e - a scroll of identify {unknown}
 f - 4 scrolls of teleportation {unknown}
 h - a scroll of silence {unknown}
 k - a scroll of torment {unknown}
 l - a scroll of immolation {unknown}
 n - a scroll of enchant weapon {unknown}
Potions
 b - a potion of flight {unknown}
 c - a potion of mutation
 i - a potion of curing {unknown}
 m - 2 potions of heal wounds {unknown}
 o - a potion of degeneration {unknown}
 p - a potion of might {unknown}


   Skills:
 - Level 3.0 Dodging
 - Level 3.0 Stealth
 + Level 4.0 Spellcasting
 + Level 2.0 Conjurations
 + Level 3.8 Air Magic


You had one spell level left.
You knew the following spells:

 Your Spells              Type           Power      Damage    Failure   Level
a - Shock                 Conj/Air       68%        1d7       3%          1
b - Static Discharge      Conj/Air       17%        N/A       4%          2
c - Swiftness             Air            21%        N/A       7%          3
d - Airstrike             Air            10%        N/A       22%         4

Your spell library contained the following spells:

 Spells                   Type           Power      Damage    Failure   Level
 Foxfire                  Conj/Fire      36%        2x1d5     8%          1
 Conjure Flame            Conj/Fire      9%         6-21      22%         3
 Inner Flame              Hex/Fire       4%         N/A       32%         3
 Flame Wave               Conj/Fire      9%         2d5       58%         4


Dungeon Overview and Level Annotations

Branches:
Dungeon (3/15)

Altars:
Elyvilon

Annotations:
D:3 Grinder


Innate Abilities, Weirdness & Mutations

You tend to lose your temper in combat.
You passively map a small area around you.


Message History

Grinder gestures at you. You resist with significant effort.
Unknown command.
You hit Grinder.
Grinder is moderately wounded.
Grinder completely misses you.
Unknown command.
Casting: Shock (safe; 3% risk of failure)
Confirm with . or Enter, or press ? or * to list all spells.
Grinder is struck by an arc of lightning.
Grinder is heavily wounded.
You are struck by an arc of lightning.
The lightning grounds out.
Grinder gestures at you. You resist with significant effort.
Unknown command.
Unknown command.
You start to feel a little faster.
Unknown command.
Grinder hits you.
You writhe in agony.
* * * LOW HITPOINT WARNING * * *
Unknown command.
Unknown command.
Unknown command.
You no longer feel sluggish.
Unknown command.
Unknown command.
It was a potion of mutation.
You feel extremely strange.
You feel a little pissed off.
You feel a strange attunement to the structure of the dungeons.
Unknown command.
Unknown command.
Unknown command.
You fly up into the air.
g - a ring of flight (left hand) Grinder gestures at you.
You suddenly lose the ability to move!
Your magical contamination has completely faded away.
Grinder hits you but does no damage. Grinder hits you!
You die...

* . #.........#
#.#....####.# ,, ,
#.##..#####.## , ,
##..#..#......#,
,, ,
.......#......#, ,
####..#.#......#
,#..............#,
, ,
.###...#5.....# ,
##...#@.....#* *
#...).......# *
*#...........#
#.....#######
#.....# #.....#*,
#...>.+ , , *,
#.....# #.....# *


You could see Grinder.

Vanquished Creatures
  3 adders (D:2)
  A gnoll (D:1)
  8 ball pythons
  5 endoplasms
  A giant cockroach (D:2)
  5 goblins
  3 hobgoblins
  2 jackals (D:1)
  2 quokkas (D:1)
  4 bats
  4 frilled lizards
  3 kobolds (D:1)
  2 rats (D:2)
43 creatures vanquished.

Vanquished Creatures (others)
  3 fungi
  A plant (D:1)
4 creatures vanquished.

Grand Total: 47 creatures vanquished

Notes
Turn   | Place    | Note
-------+----------+-------------------------------------------
     0 | D:1      | protoss039 the Deep Elf Air Elementalist began the quest
                  | for the Orb.
     0 | D:1      | Reached XP level 1. HP: 10/10 MP: 6/6
   193 | D:1      | Reached XP level 2. HP: 15/15 MP: 4/8
   885 | D:1      | Reached XP level 3. HP: 19/19 MP: 9/9
   927 | D:1      | Found a faded altar of an unknown god.
  1893 | D:2      | Learned a level 2 spell: Static Discharge
  1983 | D:2      | Found a white marble altar of Elyvilon.
  2010 | D:2      | Learned a level 3 spell: Swiftness
  2742 | D:2      | Reached skill level 4 in Spellcasting
  2742 | D:2      | Reached XP level 4. HP: 24/24 MP: 4/12
  3135 | D:2      | Learned a level 4 spell: Airstrike
  3272 | D:3      | Noticed Grinder
  3283 | D:3      | Paralysed by Grinder for 2 turns
  3298 | D:3      | Gained mutation: You tend to lose your temper in combat.
                  | [potion of mutation]
  3298 | D:3      | Gained mutation: You passively map a small area around you.
                  | [potion of mutation]
  3299 | D:3      | Paralysed by Grinder for 4 turns
  3302 | D:3      | Slain by Grinder

Illustrated notes

Levels and vault maps discovered:
D:1:      sevenhm_arrival_forest_fort_large_2, layout_loops_corners,
          shapermc_ecumenical_altar_ellora
D:2:      layout_basic, basic_altar, serial_co_window_serial, co_window_cross_1,
          co_window_paths_a, co_window_corner_a, co_window_corner_a,
          co_window_corner_a, co_window_cross_2, co_window_corner_b,
          co_window_cross_3, co_window_cross_2, co_window_broadway_c,
          co_window_broadway_c, co_window_paths_e, co_window_sun,
          glass_columns_c, glass_columns_c, glass_columns_c, glass_columns_b,
          glass_columns_c, st_stairs_6
D:3:      layout_basic, uniq_crazy_yiuf_cottage, uniq_grinder

Skill      XL: |  1  2  3 |
---------------+----------+-----
Stealth        | 3 |  3.0
Dodging        | 3 |  3.0
Spellcasting   | 4 |  4.0
Conjurations   | 2 |  2.0
Air Magic      | |  3.8

Action                   |  1- 3 |  4- 6 || total
-------------------------+-------+-------++-------
Melee: Dagger            |    17 |     1 ||    18
 Cast: Shock             |    77 |    16 ||    93
       Static Discharge  |     3 |     2 ||     5
       Swiftness         |       |     1 ||     1
  Use: Potion            |       |     1 ||     1
 Stab: Sleeping          |     2 |       ||     2
       Distracted        |     1 |       ||     1
Armor: Robe              |     4 |     2 ||     6
Dodge: Dodged            |    14 |     3 ||    17
